Workbook

Sheet Echéancier
A1: Date du jour | B1: =TODAY() -> 42503 | E1: Taux d'intérêts légal pour l'année 2016 | H1: 0.0101
A4: Raison social | B4: N°Factures | C4: Date facture | D4: Date échéance | E4: Montant | F4: Débours | G4: Total Facture | H4: Jours en dépassement | I4: Majoration | J4: Solde restant dû | K4: Réglée | L4: Première relance | M4: Deuxième relance | N4: Troisième relance | O4: Observations
A5: Niort boissons | D5: 42499 | E5: 100 | F5: 2 | G5: =E5+F5 -> 102 | H5: =IF(D5>0,DATEDIF(D5,$B$1,"d"),0) -> 4 | I5: =IF(D5>0,G5*H5*($H$1*3)+40,0) -> 52.3624 | J5: =G5+I5 -> 154.3624
A6: Minute blonde | E6: 55 | G6: =E6+F6 -> 55 | H6: =IF(D6>0,DATEDIF(D6,$B$1,"d"),0) -> 0 | I6: =IF(D6>0,G6*H6*($H$1*3)+40,0) -> 0 | J6: =G6+I6 -> 55
G7: =E7+F7 -> 0 | H7: =IF(D7>0,DATEDIF(D7,$B$1,"d"),0) -> 0 | I7: =IF(D7>0,G7*H7*($H$1*3)+40,0) -> 0 | J7: =G7+I7 -> 0
E8: 5000 | G8: =E8+F8 -> 5000 | H8: =IF(D8>0,DATEDIF(D8,$B$1,"d"),0) -> 0 | I8: =IF(D8>0,G8*H8*($H$1*3)+40,0) -> 0 | J8: =G8+I8 -> 5000
G9: =E9+F9 -> 0 | H9: =IF(D9>0,DATEDIF(D9,$B$1,"d"),0) -> 0 | I9: =IF(D9>0,G9*H9*($H$1*3)+40,0) -> 0 | J9: =G9+I9 -> 0
G10: =E10+F10 -> 0 | H10: =IF(D10>0,DATEDIF(D10,$B$1,"d"),0) -> 0 | I10: =IF(D10>0,G10*H10*($H$1*3)+40,0) -> 0 | J10: =G10+I10 -> 0
G11: =E11+F11 -> 0 | H11: =IF(D11>0,DATEDIF(D11,$B$1,"d"),0) -> 0 | I11: =IF(D11>0,G11*H11*($H$1*3)+40,0) -> 0 | J11: =G11+I11 -> 0
G12: =E12+F12 -> 0 | H12: =IF(D12>0,DATEDIF(D12,$B$1,"d"),0) -> 0 | I12: =IF(D12>0,G12*H12*($H$1*3)+40,0) -> 0 | J12: =G12+I12 -> 0
G13: =E13+F13 -> 0 | H13: =IF(D13>0,DATEDIF(D13,$B$1,"d"),0) -> 0 | I13: =IF(D13>0,G13*H13*($H$1*3)+40,0) -> 0 | J13: =G13+I13 -> 0
G14: =E14+F14 -> 0 | H14: =IF(D14>0,DATEDIF(D14,$B$1,"d"),0) -> 0 | I14: =IF(D14>0,G14*H14*($H$1*3)+40,0) -> 0 | J14: =G14+I14 -> 0
G15: =E15+F15 -> 0 | H15: =IF(D15>0,DATEDIF(D15,$B$1,"d"),0) -> 0 | I15: =IF(D15>0,G15*H15*($H$1*3)+40,0) -> 0 | J15: =G15+I15 -> 0
G16: =E16+F16 -> 0 | H16: =IF(D16>0,DATEDIF(D16,$B$1,"d"),0) -> 0 | I16: =IF(D16>0,G16*H16*($H$1*3)+40,0) -> 0 | J16: =G16+I16 -> 0
G17: =E17+F17 -> 0 | H17: =IF(D17>0,DATEDIF(D17,$B$1,"d"),0) -> 0 | I17: =IF(D17>0,G17*H17*($H$1*3)+40,0) -> 0 | J17: =G17+I17 -> 0
G18: =E18+F18 -> 0 | H18: =IF(D18>0,DATEDIF(D18,$B$1,"d"),0) -> 0 | I18: =IF(D18>0,G18*H18*($H$1*3)+40,0) -> 0 | J18: =G18+I18 -> 0
G19: =E19+F19 -> 0 | H19: =IF(D19>0,DATEDIF(D19,$B$1,"d"),0) -> 0 | I19: =IF(D19>0,G19*H19*($H$1*3)+40,0) -> 0 | J19: =G19+I19 -> 0
G20: =E20+F20 -> 0 | H20: =IF(D20>0,DATEDIF(D20,$B$1,"d"),0) -> 0 | I20: =IF(D20>0,G20*H20*($H$1*3)+40,0) -> 0 | J20: =G20+I20 -> 0
... G50: =E50+F50 -> 0 | H50: =IF(D50>0,DATEDIF(D50,$B$1,"d"),0) -> 0 | I50: =IF(D50>0,G50*H50*($H$1*3)+40,0) -> 0 | J50: =G50+I50 -> 0

Sheet Créances facturé
A1: Fournisseurs | B1: Somme
A2: Niort Boissons | B2: =SUMIF(Echéancier!$A$5:$A$50,'Créances facturé'!A2,Echéancier!$J$5:$J$50) -> 154.3624
A3: Minute Blonde | B3: =SUMIF(Echéancier!$A$5:$A$50,'Créances facturé'!A3,Echéancier!$J$5:$J$50) -> 55
A4: L'ambassade du vin | B4: =SUMIF(Echéancier!$A$5:$A$50,'Créances facturé'!A4,Echéancier!$J$5:$J$50) -> 0
A5: Ekitrade | B5: =SUMIF(Echéancier!$A$5:$A$50,'Créances facturé'!A5,Echéancier!$J$5:$J$50) -> 0
A6: Café Albert | B6: =SUMIF(Echéancier!$A$5:$A$50,'Créances facturé'!A6,Echéancier!$J$5:$J$50) -> 0
A7: La chamoise | B7: =SUMIF(Echéancier!$A$5:$A$50,'Créances facturé'!A7,Echéancier!$J$5:$J$50) -> 0
A8: TOTAL | B8: =SUM(B2:B7) -> 209.3624

Sheet Autres charges
A1: SMIC/h | B1: 9.67
A2: Taux charges patronales | B2: 0.77
A4: Intitulé | B4: Heures travaillé | C4: Taux SMIC | D4: Somme
A5: Salaires | B5: 35 | C5: 1 | D5: =(((B5*B1)*C5)*52)/12 -> 1466.6167
A6: Salaires
A7: Salaires
A8: Salaires
A9: Salaires
A10: Charges patronales | D10: =D5*B2 -> 1129.2948
A11: Congés payés
